 Dungeon Crawl Stone Soup version 0.25-a0-471-g78e40d7af6 (webtiles) character file.

Game seed: 4310346485897949081, levelgen mode: deterministic

154 Ijustatesigmund the Chopper (level 5, -3/47 HPs)
             Began as a Hill Orc Fighter on Feb 6, 2020.
             Slain by an iguana (10 damage)
             ... on level 4 of the Dungeon.
             The game lasted 00:07:05 (2793 turns).

Ijustatesigmund the Chopper (Hill Orc Fighter)      Turns: 2793, Time: 00:07:06

Health: -3/47      AC:  9    Str: 24    XL:     5   Next: 35%
Magic:  5/5        EV:  5    Int:  8    God:
Gold:   132        SH:  9    Dex: 11    Spells: 4/4 levels left

rFire    + . .     SeeInvis .   a - +1 war axe
rCold    x . .     Gourm    +   c - +0 shield
rNeg     . . .     Faith    .   b - +0 chain mail
rPois    .         Spirit   .   (no helmet)
rElec    .         Reflect  .   (no cloak)
rCorr    .         Harm     .   (no gloves)
MR       .....                  (no boots)
Stlth    ..........             n - amulet of the gourmand
HPRegen  0.15/turn              l - ring of fire
MPRegen  0.09/turn              (no ring)

@: mighty
A: no striking features
a: no special abilities


You were on level 4 of the Dungeon.
You were not hungry.

You visited 1 branch of the dungeon, and saw 4 of its levels.

You collected 132 gold pieces.

Inventory:

Hand Weapons
 a - a +1 war axe (weapon)
Missiles
 h - 2 atropa-tipped darts (quivered)
Armour
 b - a +0 chain mail (worn)
 c - a +0 shield (worn)
Jewellery
 g - an uncursed ring of positive energy
 l - a ring of fire (left hand)
 n - an amulet of the gourmand (around neck)
 r - the amulet "Sokhobb" {Acrobat Str+3, unknown}
   (You found it on level 4 of the Dungeon)

   [amulet of the acrobat]

   It helps you evade while moving and waiting.
   It affects your strength (+3).
Wands
 k - a wand of paralysis (12)
Scrolls
 j - a scroll of remove curse
 o - 4 scrolls of teleportation
 p - 2 scrolls of identify
Potions
 i - 4 potions of curing
 m - a potion of brilliance {unknown}
 q - a potion of mutation {unknown}
Comestibles
 f - 10 rations


   Skills:
 + Level 4.9 Fighting
 + Level 6.1 Axes
 - Level 3.2 Armour
 - Level 3.2 Shields


You had 4 spell levels left.
You didn't know any spells.
Your spell library was empty.

Dungeon Overview and Level Annotations

Branches:
Dungeon (4/15)
 Temple: D:4-7

Altars:
Dithmenos

Annotations:
D:3 2 transporters


Message History

Your shield and chain mail prevent you from hitting the iguana.
You block Ijyb's attack. The iguana bites you.
* * * LOW HITPOINT WARNING * * *
Ijyb hits you but does no damage.
You barely miss Ijyb.
Ijyb is almost dead.
You hit the iguana. You block the iguana's attack. You block Ijyb's attack.
Your shield and chain mail prevent you from hitting Ijyb.
Ijyb is almost dead.
You hit the iguana but do no damage. You block the iguana's attack.
You block Ijyb's attack. The iguana bites you.
* * * LOW HITPOINT WARNING * * *
You feel better. You block Ijyb's attack. The iguana bites you.
* * * LOW HITPOINT WARNING * * *
You slash Ijyb!
You kill Ijyb!
Your Axes skill increases to level 6!
Your shield prevents you from hitting the iguana.
The iguana bites you!
You die...

... .... #.. ..## ####
##.. ..# ###... ...# #.#
####....#
...####.######..<...#
....................#
........#.#####(@)..#
...##...#.#####..l......
##.....................#
##...##.#.#####........#
...#.##.#...............
##.#....######.....!..##
##.###..# ##.......# #.#
#..# #.......# #.# #....


You could see an iguana.

Vanquished Creatures
  Ijyb (D:4)
  A worker ant (D:4)
  3 adders (D:2)
  An adder skeleton (D:4)
  A worm (D:2)
  2 dart slugs (D:1)
  A leopard gecko (D:3)
  11 bats
  2 giant cockroaches
  8 hobgoblins
  8 jackals
  7 kobolds
  2 quokkas (D:2)
  2 ball pythons (D:2)
  A frilled lizard (D:1)
  6 goblins
  10 rats
67 creatures vanquished.

Vanquished Creatures (others)
  5 plants (D:3)
5 creatures vanquished.

Grand Total: 72 creatures vanquished

Notes
Turn   | Place    | Note
-------+----------+-------------------------------------------
     0 | D:1      | Ijustatesigmund the Hill Orc Fighter began the quest for
                  | the Orb.
     0 | D:1      | Reached XP level 1. HP: 19/19 MP: 1/1
    19 | D:1      | Reached skill level 3 in Axes
    60 | D:1      | Reached XP level 2. HP: 26/26 MP: 2/2
    85 | D:1      | Reached skill level 4 in Axes
   276 | D:1      | Reached XP level 3. HP: 13/31 MP: 3/3
   932 | D:1      | Reached skill level 5 in Axes
  1095 | D:2      | Reached XP level 4. HP: 22/40 MP: 4/4
  1916 | D:3      | Found a transporter.
  1957 | D:3      | Identified the +8 spear of Kinype {vamp, rC+ Int+4}
  1957 | D:3      | Noticed a gnoll sergeant
  1965 | D:3      | Found a transporter.
  2588 | D:3      | Found a shadowy altar of Dithmenos.
  2750 | D:4      | Reached XP level 5. HP: 45/47 MP: 5/5
  2767 | D:4      | Got a bound ruby amulet
  2776 | D:4      | Noticed Ijyb
  2793 | D:4      | Killed Ijyb
  2793 | D:4      | Reached skill level 6 in Axes
  2793 | D:4      | Slain by an iguana

Levels and vault maps discovered:
D:1:      tarquinn_simple_flora_water_f, layout_basic
D:2:      layout_rooms
D:3:      layout_basic, lemuel_doored_altar, gammafunk_ghost_gnarly_gnolls,
          minivault_11, minmay_misc_feat_x, lightli_corner_chamber
D:4:      layout_rooms, first_ration, minmay_quantized, uniq_ijyb

Skill      XL: |  1  2  3  4  5 |
---------------+----------------+-----
Axes           | 3 4 5 6 |  6.1
Fighting       | 4 |  4.9
Armour         | |  3.2
Shields        | |  3.2

Action                   |  1- 3 |  4- 6 || total
-------------------------+-------+-------++-------
Melee: War axe           |   181 |    83 ||   264
Throw: Dart              |     2 |       ||     2
  Use: Scroll            |     4 |     5 ||     9
       Potion            |     1 |     3 ||     4
  Eat: Chunk             |       |     4 ||     4
       Ration            |       |     1 ||     1
Armor: Scale mail        |   124 |     3 ||   127
       Chain mail        |       |    44 ||    44
Dodge: Dodged            |    84 |    19 ||   103
Block: Shield            |   127 |    56 ||   183

Table legend:
 A = Non-vault XP
 B = Vault XP
 C = Vault XP percentage of total XP
 D = Non-vault monster count
 E = Vault monster count
 F = Vault count percentage of total count
                 A         B        C        D         E       F
            +---------+---------+-------+---------+---------+-------
      Total |     185 |      35 |  15.9 |      66 |       1 |   1.5
            +---------+---------+-------+---------+---------+-------
        D:1 |      60 |       0 |   0.0 |      34 |       0 |   0.0
        D:2 |      74 |       0 |   0.0 |      22 |       0 |   0.0
        D:3 |      13 |       0 |   0.0 |       8 |       0 |   0.0
        D:4 |      38 |      35 |  47.9 |       2 |       1 |  33.3
            +---------+---------+-------+---------+---------+-------
